[Event "*** Titled Tuesday Blitz"]
[Site "Chess.com"]
[Date "2018.06.05"]
[Round "4"]
[White "vovachesss"]
[Black "ViktorMatviishen"]
[Result "0-1"]
[WhiteElo "2388"]
[BlackElo "2473"]
[TimeControl "180+2"]
[EndTime "13:57:58 PDT"]
[Termination "ViktorMatviishen won by checkmate"]

1. c4 Nf6 2. Nc3 e6 3. g3 Be7 4. Bg2 O-O 5. Nf3 d5 6. O-O dxc4 7. Qa4 a6 8. Ne5 Nbd7 9. Nxc4 b5 10. Qc2 bxc4 11. Bxa8 e5 12. Bg2 Nc5 13. Na4 Qd4 14. Nxc5 Qxc5 15. b3 Be6 16. Bb2 Nd7 17. Rfc1 cxb3 18.
axb3 Qb6 19. Qxc7 Qxb3 20. Bc3 Bc5 21. Rxa6 Qb5 22. Ra5 Qc4 23. d3 Bxf2+ 24. Kxf2 Qxc7 25. Bd2 Qb6+ 26. Kf1 f5 27. Raa1 f4 28. gxf4 Bg4 29. h3 Bh5 30. Bd5+ Kh8 31. Rab1 Qd4 32. Be4 exf4 33.
Rc4 Qf6 34. Bc3 Qh4 35. Rb7 f3 36. exf3 Qxh3+ 37. Ke1 Bxf3 38. Bxf3 Qxf3 39. Rxd7 Re8+ 40. Kd2 Re2+ 41. Kd1 Qf1+ 42. Be1 Qxe1# 0-1

[Event "*** Titled Tuesday Blitz"]
[Site "Chess.com"]
[Date "2018.06.05"]
[Round "4"]
[White "BilodeauA"]
[Black "TheCount"]
[Result "0-1"]
[WhiteElo "2690"]
[BlackElo "2540"]
[TimeControl "180+2"]
[EndTime "13:57:59 PDT"]
[Termination "TheCount won by resignation"]

1. e4 e5 2. Nf3 Nc6 3. Bb5 a6 4. Ba4 Nf6 5. O-O Be7 6. Bxc6 dxc6 7. d3 Nd7 8. Nbd2 O-O 9. b3 c5 10. a4 a5 11. Bb2 f6 12. Nh4 Re8 13. Qh5 Nf8 14.
Nc4 Ne6 15. Nf5 Bf8 16. Qh4 Nf4 17. g3 Ne6 18. f4 exf4 19. gxf4 Nd4 20. Nxd4 cxd4 21.
f5 Bb4 22. Rf3 c6 23. Kh1 b5 24. Rg1 bxc4 25. Rh3 Bxf5 26. bxc4 Bxh3 27. Qxh3 Qd6 28. Bc1 Ra7 29. Qf5 Qe5 30. Qg4 f5 31. exf5 Rf7 32. Bh6 Qf6 33. Qh5 Re1 34. Rxe1 Bxe1 35. Qe2 Re7 36.
Qg4 Qxh6 37. Qg3 Qe3 0-1

[Event "*** Titled Tuesday Blitz"]
[Site "Chess.com"]
[Date "2018.06.05"]
[Round "4"]
[White "Chiinaldo"]
[Black "11kevin"]
[Result "0-1"]
[WhiteElo "2193"]
[BlackElo "2255"]
[TimeControl "180+2"]
[EndTime "13:58:01 PDT"]
[Termination "11kevin won by checkmate"]

1. d4 Nf6 2. c4 e6 3. Nf3 b6 4. g3 Bb7 5. Bg2 Be7 6. O-O O-O 7. Nc3 Ne4 8. Bd2 Nxd2 9. Qxd2 d6 10. Qc2 Qc8 11. e3 Nd7 12. Nd2 c5 13. Bxb7 Qxb7 14. d5 e5 15. a4 f5 16. Nf3 e4 17. Ne1 Ne5 18. b3 Bg5 19. Kg2 Bh6 20. h3 g5 21.
Nb5 a6 22. Nc3 Qg7 23. f4 exf3+ 24. Nxf3 g4 25. Nxe5 gxh3+ 26. Kxh3 Qxe5 27. e4 Bg7 28. Rac1 f4 29. gxf4 Qh5+ 30. Kg3 Rf6 31. f5 Raf8 32. Qd2 Bh6 33. Qh2 Qg5+ 34. Kf3 Rxf5+ 35. exf5 Rxf5+ 36. Ke4 Re5+ 37. Kd3 Qg6+ 38. Ne4 Qxe4+ 39. Kc3 Qd4+ 40. Kc2 Bxc1 41. Rxc1 Re3 42. Rg1+ Kh8 43. Qh6 Re2+ 44. Kc1 Qc3+ 45. Kd1 Qc2# 0-1

[Event "*** Titled Tuesday Blitz"]
[Site "Chess.com"]
[Date "2018.06.05"]
[Round "4"]
[White "Makalexa"]
[Black "bait_or_mate"]
[Result "0-1"]
[WhiteElo "2042"]
[BlackElo "2408"]
[TimeControl "180+2"]
[EndTime "13:58:02 PDT"]
[Termination "bait_or_mate won by resignation"]

1. e4 c5 2. Nf3 e6 3. d4 cxd4 4.
Nxd4 Nc6 5. Nxc6 bxc6 6. Bd3 d5 7. Qe2 Nf6 8. Nd2 Be7 9. O-O O-O 10. c3 a5 11. e5 Nd7 12. Re1 f5 13. exf6 Nxf6 14. Nf3 Bd6 15. Ne5 Qc7 16. f4 c5 17. h3 Re8 18. g4 Bb7 19. g5 Ne4 20. Bxe4 dxe4 21. Qh2 Bxe5 22. fxe5 Rf8 23. Bf4 Rf5 24. Kg2 Raf8 25. Rf1 e3+ 26. Kg3 Rxf4 27. Rxf4 Qxe5 28.
Kg4 Rf5 29. h4 h5+ 30. gxh6 gxh6 31. Qg3 Kh7 32. Raf1 e2 33. Re1 h5+ 34. Kh3 Rxf4 35. Rxe2 Qxe2 36. Qf3 Qxf3+ 0-1

[Event "*** Titled Tuesday Blitz"]
[Site "Chess.com"]
[Date "2018.06.05"]
[Round "4"]
[White "HanSchut"]
[Black "pedromartinez91"]
[Result "1-0"]
[WhiteElo "2246"]
[BlackElo "2303"]
[TimeControl "180+2"]
[EndTime "13:58:03 PDT"]
[Termination "HanSchut won on time"]

1. e4 c5 2. Nf3 Nc6 3. d4 cxd4 4. Nxd4 g6 5. c4 Qa5+ 6. Nc3 Nf6 7. f3 Bg7 8. Be3 Nh5 9. Qd2 O-O 10. Be2 Qe5 11. Nc2 Qa5 12. O-O d6 13. Rfd1 Nf6 14. b4 Nxb4 15.
Nd5 Nfxd5 16. cxd5 Nxc2 17. Qxa5 Nxe3 18. Rdc1 Bd4 19.
Kh1 Bb6 20. Qd2 f5 21. Rab1 f4 22. a4 Bc5 23. Rxc5 dxc5 24. d6 exd6 25. Qxd6 b6 26.
Bc4+ Nxc4 27. Qd5+ Kg7 28. Qxa8 Be6 29. Qxa7+ Rf7 30.
Qb8 g5 31. h3 h5 32. Rc1 g4 33. Qe8 Bd7 34. Qd8 Ne5 35. Qg5+ Ng6 36. fxg4 hxg4 37. h4 Kh7 38. Rd1 Bxa4 39. Rd6 Rg7 40. Qh5+ Kg8 41. Rxg6 1-0

[Event "*** Titled Tuesday Blitz"]
[Site "Chess.com"]
[Date "2018.06.05"]
[Round "4"]
[White "chessdude"]
[Black "NMJeevanK"]
[Result "1-0"]
[WhiteElo "2466"]
[BlackElo "2325"]
[TimeControl "180+2"]
[EndTime "13:58:04 PDT"]
[Termination "chessdude won by checkmate"]

1. Nf3 d5 2. d4 Nf6 3. c4 e6 4.
Nc3 Be7 5. Bf4 O-O 6. e3 a6 7. c5 Nc6 8. Be2 Ne4 9. Rc1 f5 10.
Ne5 Bd7 11. Nxc6 Bxc6 12. Nxe4 fxe4 13. O-O Bf6 14. f3 exf3 15. Rxf3 Qe7 16. Bd3 e5 17. Rh3 e4 18. Be2 Bd7 19. Bg4 c6 20. Bd6 Qf7 21.
Bxf8 Rxf8 22. Bxd7 Qxd7 23. Qe2 Qc7 24. Rf1 Qa5 25. a3 Qa4 26. Rh5 Qb3 27. Rhf5 Rf7 28.
g3 h6 29. Kg2 Rf8 30. R5f2 Rf7 31. h4 a5 32. Qg4 Kh7 33. Qe2 a4 34. Kh3 Re7 35.
Rxf6 gxf6 36. Rxf6 Rg7 37. Qf2 Qd3 38. Qf5+ Kh8 39.
Rf8+ Rg8 40. Qf6+ Kh7 41. Rf7+ Rg7 42. Qxg7# 1-0

[Event "*** Titled Tuesday Blitz"]
[Site "Chess.com"]
[Date "2018.06.05"]
[Round "4"]
[White "milovanratkovic"]
[Black "HomayoonTofighi"]
[Result "1-0"]
[WhiteElo "2554"]
[BlackElo "2738"]
[TimeControl "180+2"]
[EndTime "13:58:05 PDT"]
[Termination "milovanratkovic won on time"]

1. d4 e6 2. c4 Nf6 3. Nc3 Bb4 4. e3 d5 5. Qa4+ Nc6 6. Nf3 O-O 7. Bd2 Qe7 8. Qc2 Bxc3 9. Bxc3 dxc4 10. Bxc4 b6 11.
O-O Bb7 12. Rac1 Nb4 13. Qe2 Nbd5 14. Be1 Rac8 15. Ba6 c5 16. dxc5 bxc5 17. Bxb7 Qxb7 18. Bc3 Ne4 19. Be5 Rfd8 20. a3 Nb6 21. Rfd1 Na4 22.
Qc2 Rd5 23. Qxa4 h6 24. Rxd5 exd5 25. Qc2 Qe7 26. Bc3 Qe6 27. Be1 c4 28. Nd4 Qb6 29.
f3 Nc5 30. Bc3 Nd3 31. Rd1 Re8 32. Rxd3 cxd3 33. Qxd3 Qc7 34. Nf5 Qd7 35. Qd4 f6 36. e4 1-0

[Event "*** Titled Tuesday Blitz"]
[Site "Chess.com"]
[Date "2018.06.05"]
[Round "4"]
[White "GMNeiksans"]
[Black "Fins0905"]
[Result "1-0"]
[WhiteElo "2731"]
[BlackElo "2595"]
[TimeControl "180+2"]
[EndTime "13:58:06 PDT"]
[Termination "GMNeiksans won by resignation"]

1. e4 d5 2. exd5 Qxd5 3. Nc3 Qd8 4. d4 Nf6 5. Nf3 Bg4 6. h3 Bxf3 7. Qxf3 c6 8. Bf4 e6 9. O-O-O Bb4 10. Bg5 Bxc3 11.
Qxc3 Ne4 12. Bxd8 Nxc3 13. bxc3 Kxd8 14. Bd3 Nd7 15. a4 a5 16. Kd2 Kc7 17. Ra1 Rhd8 18. Rhb1 g6 19. Ke3 e5 20. Rb3 f5 21. Rab1 Rab8 22.
g4 fxg4 23. hxg4 exd4+ 24. cxd4 Nf6 25. Be2 Nd5+ 26. Kf3 b6 27. Kg3 Nf6 28. Rd3 Rd6 29. Bf3 Rbd8 30. c3 c5 31. Rd2 cxd4 32. cxd4 Nd5 33.
Rc2+ Kb7 34. Rb5 Ka6 35. Be2 Kb7 36. Bf3 Ka6 37. Rxd5 Rxd5 38. Rc7 R8d7 39. Be2+ b5 40. Bxb5+ 1-0

[Event "*** Titled Tuesday Blitz"]
[Site "Chess.com"]
[Date "2018.06.05"]
[Round "4"]
[White "Fighterman91"]
[Black "Duhless"]
[Result "1-0"]
[WhiteElo "2577"]
[BlackElo "2795"]
[TimeControl "180+2"]
[EndTime "13:58:07 PDT"]
[Termination "Fighterman91 won by checkmate"]

1. e4 c5 2. Nf3 Nc6 3. Bb5 g6 4.
Bxc6 bxc6 5. O-O Bg7 6. Re1 Nh6 7. c3 O-O 8. d4 cxd4 9. cxd4 d5 10. e5 f6 11. h3 fxe5 12. Bxh6 Bxh6 13. Nxe5 Qb6 14. b3 Rf4 15. Nf3 Qc7 16. Nc3 Bd7 17. Rxe7 Qd6 18. Qe2 Bxh3 19. Qe5 Qxe5 20. Nxe5 Bf5 21. Nxc6 Rc8 22. Nxd5 Rxc6 23. Nxf4 Bxf4 24. Rxa7 Be6 25.
Re1 Bf7 26. a4 Kf8 27. b4 Bd2 28. b5 Rc2 29. Rb1 Ba2 30. Rd1 Rb2 31. b6 Bd5 32. a5 h5 33. a6 Bf4 34. b7 h4 35. Ra8+ Kf7 36. Rd8 Be4 37. d5 Bg3 38. fxg3 Rxg2+ 39. Kf1 h3 40. b8=Q h2 41. Rd7+ Kf6 42. Qf4+ Bf5 43.
Qd4+ Kg5 44. Qh4# 1-0

[Event "*** Titled Tuesday Blitz"]
[Site "Chess.com"]
[Date "2018.06.05"]
[Round "4"]
[White "Jahonas"]
[Black "Tibmat"]
[Result "1/2-1/2"]
[WhiteElo "2278"]
[BlackElo "2407"]
[TimeControl "180+2"]
[EndTime "13:58:11 PDT"]
[Termination "Game drawn by stalemate"]

1. d4 Nf6 2. Nf3 d5 3. c4 e6 4.
e3 b6 5. Nc3 Bb7 6. Be2 Nbd7 7.
O-O a6 8. b3 Bd6 9. Bb2 O-O 10.
cxd5 exd5 11. Rc1 Qe7 12. Qc2 Ne4 13. Rfd1 f5 14. Nxe4 fxe4 15. Ne5 Bxe5 16. dxe5 c5 17. f4 exf3 18. Bxf3 Nxe5 19. Bxd5+ Bxd5 20. Rxd5 Ng4 21. Qc3 Qxe3+ 22. Qxe3 Nxe3 23. Rd7 Rf7 24. Rxf7 Kxf7 25.
b4 Rc8 26. Bd4 Nf5 27. Bf2 Ke6 28. bxc5 bxc5 29. Rxc5 Rxc5 30. Bxc5 Kd5 31. Bf8 g6 32. Kf2 Kc4 33. g4 Nd4 34. Ke3 a5 35. Ke4 a4 36.
h4 h5 37. gxh5 gxh5 38. Bg7 Ne6 39. Bf6 Kb4 40. Be7+ Kc3 41. Kf5 Nd4+ 42. Kg6 Nf3 43. Kxh5 Nxh4 44. Kxh4 Kc4 45. a3 Kb5 46. Bb4 Ka6 47.
Kg3 Kb7 48. Kf4 Ka8 49. Ke4 Kb7 50. Kd4 Ka8 51. Kc4 Kb7 52. Kb5 Ka8 53. Kxa4 Kb7 54.
Ka5 Ka8 55. Kb5 Kb7 56. Bc5 Ka8 57. Ka6 Kb8 58. Ba7+ Ka8 59. a4 1/2-1/2

[Event "*** Titled Tuesday Blitz"]
[Site "Chess.com"]
[Date "2018.06.05"]
[Round "4"]
[White "Patzel09"]
[Black "hansen"]
[Result "1-0"]
[WhiteElo "2600"]
[BlackElo "2764"]
[TimeControl "180+2"]
[EndTime "13:58:12 PDT"]
[Termination "Patzel09 won by resignation"]

1. e4 c5 2. c3 Nf6 3. e5 Nd5 4. Bc4 Nb6 5. Bb3 c4 6. Bc2 Nc6 7. Nf3 d5 8. exd6 Qxd6 9. O-O Bg4 10. Re1 e6 11. b3 cxb3 12. axb3 Be7 13. Na3 O-O 14. Nc4 Qc7 15. d4 Nd5 16. Bd2 b5 17. Ne3 Nxe3 18. Bxe3 Rfd8 19. Be4 a6 20. Bxc6 Qxc6 21.
Ne5 Bxd1 22. Nxc6 Bxb3 23. Nxe7+ Kf8 24. Nc6 Rdc8 25. Ne5 Rxc3 26. Nd7+ Ke7 27. Nc5 Bd5 28. Nxa6 Rc4 29. h3 f6 30. Reb1 Bc6 31. Nc5 Rxa1 32.
Rxa1 b4 33. Ra6 Bd5 34. Ra7+ Kd6 35. Rd7+ Kc6 36. Rxg7 Rc3 37. Rxh7 b3 38. Nxb3 Rxb3 39. Rf7 f5 40. h4 Rb8 41. h5 Rg8 42. h6 Rxg2+ 43.
Kf1 Rh2 44. Bf4 Rh4 45. h7 Bf3 46. Ke1 Kd5 47. Be5 Rh1+ 48. Kd2 Rd1+ 49. Kc2 1-0

[Event "*** Titled Tuesday Blitz"]
[Site "Chess.com"]
[Date "2018.06.05"]
[Round "4"]
[White "WPWPWP-2015"]
[Black "KRASAVCHIK2002"]
[Result "1/2-1/2"]
[WhiteElo "2355"]
[BlackElo "2229"]
[TimeControl "180+2"]
[EndTime "13:58:15 PDT"]
[Termination "Game drawn by repetition"]

1. e4 c5 2. Nf3 d6 3. Bb5+ Nd7 4.
O-O Nf6 5. Re1 e5 6. c4 Be7 7. Nc3 O-O 8. d3 a6 9. Ba4 Nb6 10. Bc2 Bg4 11. h3 Bh5 12. g4 Bg6 13. Ne2 h5 14. Nh2 hxg4 15. hxg4 Nh7 16. Ng3 Bg5 17. Nf3 Bxc1 18. Qxc1 Nd7 19. Bd1 Ndf6 20. Nh2 Ne8 21. Qe3 Nc7 22. Nf3 Ne6 23. Kh2 Nf4 24. Rh1 Nf6 25.
Ng1 Nh7 26. Nf3 Nf6 27. Ng1 Nh7 28. N1e2 Qf6 29. Kg1 Ng5 30. Nf5 Bxf5 31. gxf5 g6 32. Nxf4 exf4 33. Qxf4 Qxb2 34. Qxg5 Qxa1 35. Qh6 Qxd1+ 36.
Kg2 Qg4+ 37. Kf1 Qd1+ 38. Kg2 Qg4+ 39. Kf1 Qd1+ 40. Kg2 Qg4+ 41. Kf1 Qd1+ 42. Kg2 Qg4+ 43. Kf1 Qd1+ 44. Kg2 1/2-1/2

[Event "*** Titled Tuesday Blitz"]
[Site "Chess.com"]
[Date "2018.06.05"]
[Round "4"]
[White "gkchesstiger"]
[Black "igorkovalenko"]
[Result "1/2-1/2"]
[WhiteElo "2804"]
[BlackElo "2845"]
[TimeControl "180+2"]
[EndTime "13:58:18 PDT"]
[Termination "Game drawn by agreement"]

1. d4 d6 2. Nf3 Nf6 3. Bf4 Bg4 4. Nbd2 Nbd7 5. h3 Bh5 6. c3 e6 7. Qb3 Rb8 8. e3 Be7 9. Bd3 O-O 10. Bh2 d5 11.
O-O Bg6 12. Bxg6 hxg6 13. c4 Bd6 14. Bxd6 cxd6 15. cxd5 Nxd5 16. Qa3 N7b6 17. Rfc1 a6 18. Ne4 Nc8 19. Rc2 Qd7 20. Rac1 Rd8 21. h4 Nce7 22. Nfd2 Nf5 23. g3 Rdc8 24. g4 Nxh4 25. Qxd6 Qxd6 26. Rxc8+ Qf8 27. Rxf8+ Kxf8 28. Kh2 f6 29. g5 Ke7 30. a3 b6 31. Nc3 Kd7 32. e4 Nf4 33. Kg3 fxg5 34.
Nc4 Nd3 35. Rd1 b5 36. Ne5+ Nxe5 37. dxe5+ Ke7 38. f3 Rf8 39. Rd3 Rc8 40. Kg4 Ng2 41. Kxg5 Ne1 42. Re3 Nc2 43. Re2 Nxa3 44. Kxg6 Nc4 45.
f4 Rf8 46. Kg5 Rh8 47. b3 Rh3 48. bxc4 Rxc3 49. cxb5 axb5 50. Rb2 Rg3+ 51. Kh4 Re3 52. Rxb5 Rxe4 53. Rb7+ Kf8 54. Kg5 Re1 1/2-1/2

[Event "*** Titled Tuesday Blitz"]
[Site "Chess.com"]
[Date "2018.06.05"]
[Round "4"]
[White "murmah2003"]
[Black "bascheyaro"]
[Result "1-0"]
[WhiteElo "2486"]
[BlackElo "2663"]
[TimeControl "180+2"]
[EndTime "13:58:19 PDT"]
[Termination "murmah2003 won by checkmate"]

1. Nf3 d5 2. c4 c6 3. d4 Nf6 4. Nc3 g6 5. cxd5 cxd5 6. Bf4 Bg7 7. e3 O-O 8. h3 Nc6 9. Bd3 a6 10. O-O Bf5 11. Bxf5 gxf5 12. Rc1 e6 13. Na4 Ne4 14. Qb3 Qe7 15. Nb6 Rad8 16. a3 Kh8 17. Na4 Na5 18. Qd3 Nc4 19. b3 Ncd6 20. Nc5 Rc8 21. Rc2 Nxc5 22. dxc5 Ne4 23. b4 Rg8 24. Rfc1 a5 25.
Nd2 axb4 26. axb4 Bf6 27. f3 Ng5 28. Kh1 e5 29. Bh2 e4 30. Qxd5 exf3 31. Nxf3 Qxe3 32. Qxf5 Rc6 33. b5 Re6 34. Bf4 Ne4 35. Bxe3 Ng3+ 36. Kh2 Nxf5 37. Bf4 Rc8 38. c6 bxc6 39. bxc6 Re4 40.
Bg3 Be7 41. Be5+ f6 42. Bb2 Bd6+ 43. Kg1 Kg7 44. Rd1 Ne3 45. Rxd6 Nxc2 46. Bxf6+ Kf8 47.
Ng5 Rc4 48. Rd7 R8xc6 49. Rd8# 1-0

[Event "*** Titled Tuesday Blitz"]
[Site "Chess.com"]
[Date "2018.06.05"]
[Round "4"]
[White "Rakhmanov_Aleksandr"]
[Black "Gvalch"]
[Result "1-0"]
[WhiteElo "2696"]
[BlackElo "2609"]
[TimeControl "180+2"]
[EndTime "13:58:20 PDT"]
[Termination "Rakhmanov_Aleksandr won by resignation"]

1. c4 c6 2. d4 d5 3. cxd5 cxd5 4.
Bf4 Nf6 5. e3 Nc6 6. Nc3 Bf5 7.
Qb3 Na5 8. Qa4+ Bd7 9. Qc2 Rc8 10. Bd3 e6 11. Nf3 Nc6 12. a3 Nh5 13. Bg5 Qc7 14. Qe2 f5 15. Ne5 Nxe5 16. dxe5 g6 17. f4 Bc5 18.
Bh6 Qb6 19. Nd1 Kf7 20. b4 Be7 21. Qd2 Bb5 22. O-O Bxd3 23. Qxd3 Rc7 24. Ra2 Rhc8 25. g3 Rc4 26. Re2 Qb5 27. Qd2 Qa6 28. Qb2 Rc1 29. Kg2 Qd3 30. Qd2 Qb3 31. Nf2 R1c2 32.
Qd1 Qa2 33. Rxc2 Rxc2 34. h3 Re2 35. g4 Ng7 36. Kf3 Bh4 37. Qxe2 Qxa3 38. Bxg7 Kxg7 39.
Qc2 Qxb4 40. g5 Qb6 41. Rc1 Bxf2 42. Qc7+ 1-0

[Event "*** Titled Tuesday Blitz"]
[Site "Chess.com"]
[Date "2018.06.05"]
[Round "4"]
[White "Korchmar_Vasiliy"]
[Black "Matibar"]
[Result "0-1"]
[WhiteElo "2702"]
[BlackElo "2686"]
[TimeControl "180+2"]
[EndTime "13:58:21 PDT"]
[Termination "Matibar won by resignation"]

1. d4 d5 2. Nf3 Bf5 3. Bf4 e6 4. e3 Bd6 5. Bg3 Ne7 6. Bd3 O-O 7. Nc3 Bxd3 8. cxd3 Nf5 9. O-O Nxg3 10. hxg3 c6 11.
Rc1 Nd7 12. e4 f5 13. Qe2 Kh8 14. Rfe1 Nb6 15. Nh4 Qg5 16. e5 Be7 17. Nf3 Qh6 18. a3 a5 19. Qc2 a4 20. Rb1 Ra6 21. b3 axb3 22. Rxb3 Rfa8 23. Reb1 Bd8 24. a4 Qh5 25. a5 Rxa5 26. Rxb6 Bxb6 27. Rxb6 Ra1+ 28. Rb1 h6 29. Qc1 R1a7 30. Ne2 Qf7 31. Nf4 g5 32. Ne2 Kh7 33.
Qc5 Ra1 34. Qc1 R1a2 35. Nc3 R2a3 36. Qd2 Kg6 37. Nd1 Ra2 38. Rb2 Ra1 39. Kh2 Kh7 40.
Qc2 R8a7 41. Rb1 R7a2 42. Qc1 Rxb1 43. Qxb1 Ra6 44. Qb4 Ra1 45. Qb3 b5 46. Qc2 b4 47.
Nd2 Qh5+ 0-1

[Event "*** Titled Tuesday Blitz"]
[Site "Chess.com"]
[Date "2018.06.05"]
[Round "4"]
[White "attack2mateU"]
[Black "Ravan_02"]
[Result "1-0"]
[WhiteElo "2687"]
[BlackElo "2480"]
[TimeControl "180+2"]
[EndTime "13:58:22 PDT"]
[Termination "attack2mateU won by resignation"]

1. e4 e6 2. d4 d5 3. Nc3 Nf6 4. e5 Nfd7 5. f4 c5 6. Nf3 Nc6 7. Be3 cxd4 8. Nxd4 Bc5 9. Qd2 O-O 10. O-O-O a6 11. h4 Nxd4 12. Bxd4 b5 13. h5 b4 14. Na4 Bxd4 15. Qxd4 Qa5 16. b3 Bb7 17. Kb1 Bc6 18. Nb2 Bb5 19. f5 Rfc8 20. f6 Qc7 21. Nc4 Qc5 22. Qxc5 Rxc5 23. Nd6 Nxe5 24.
fxg7 Ng4 25. Bxb5 axb5 26. Rd4 Nf2 27. Rf1 Ne4 28. Nxe4 dxe4 29. h6 Rh5 30. Rd7 Rxh6 31. Rdxf7 e3 32. Rf8+ Kxg7 33. Rxa8 e2 34. Re1 Rf6 35.
Rxe2 Rf1+ 36. Kb2 Kf7 37. Rb8 Kf6 38. Rxb5 h5 39. Rxb4 Rg1 40. Rbe4 h4 41. Rxe6+ Kg5 42. R6e3 Kf4 43. a4 Kg4 44. a5 h3 45. gxh3+ Kh4 46. a6 Rg8 47. Re8 Rg6 48. a7 1-0

[Event "*** Titled Tuesday Blitz"]
[Site "Chess.com"]
[Date "2018.06.05"]
[Round "4"]
[White "Shaman91"]
[Black "MartinZumsande"]
[Result "0-1"]
[WhiteElo "2555"]
[BlackElo "2530"]
[TimeControl "180+2"]
[EndTime "13:58:22 PDT"]
[Termination "MartinZumsande won by resignation"]

1. e4 e6 2. d4 d5 3. Nc3 Nf6 4. e5 Nfd7 5. Nce2 c5 6. c3 Nc6 7. Nf3 Qb6 8. a3 a5 9. h4 a4 10. Nf4 Ra7 11. Ng5 cxd4 12. cxd4 Qxd4 13. Bd3 Qxe5+ 14. Ne2 Bc5 15. O-O h6 16. Nf3 Qf6 17. Nf4 Nde5 18. Nxe5 Nxe5 19. Bb5+ Bd7 20. Nxd5 exd5 21.
Qxd5 Bxb5 22. Qxc5 Bxf1 23. Qxa7 O-O 24. Kxf1 Qxh4 25.
Kg1 Rd8 26. Be3 Ng4 27. Bf4 Qf6 28. Qxa4 Qxb2 29. Rf1 Qf6 30. Bc7 Rc8 31. Bg3 Ne5 32. Qb5 Ng6 33. Qxb7 Rc2 34. a4 Rb2 35. Qc8+ Kh7 36.
Rc1 Ra2 37. Qc4 Qb2 38. Re1 Ra1 39. Rxa1 Qxa1+ 40. Kh2 f5 41. f3 Qf6 42. Qc5 f4 43. Bf2 Ne5 44. Qd5 Qf5 45. a5 Ng4+ 0-1

[Event "*** Titled Tuesday Blitz"]
[Site "Chess.com"]
[Date "2018.06.05"]
[Round "4"]
[White "penguingm1"]
[Black "grzechu96"]
[Result "1-0"]
[WhiteElo "2689"]
[BlackElo "2485"]
[TimeControl "180+2"]
[EndTime "13:58:23 PDT"]
[Termination "penguingm1 won on time"]

1. d4 d5 2. Bf4 Nf6 3. e3 c5 4. dxc5 Nc6 5. Bb5 e6 6. b4 a5 7. c3 Bd7 8. Qb3 axb4 9. cxb4 Nh5 10. Bxc6 Bxc6 11. Be5 d4 12. Nf3 Bd5 13. Qd3 dxe3 14. Qxe3 f6 15. Bc3 Rxa2 16. Rxa2 Bxa2 17. O-O Qc7 18.
Nbd2 Be7 19. Ra1 Bd5 20. Ra8+ Bd8 21. Ne4 O-O 22. Nd6 Be7 23. Rxf8+ Bxf8 24. g4 Bxd6 25. cxd6 Qxd6 26. gxh5 h6 27. Nd4 Qd7 28. f4 Qa4 29.
Ne2 Qd1+ 30. Kf2 Qh1 31. Qg3 Kh8 32. Bd4 Qe4 33. Bc5 Bc4 34. Qf3 Qf5 35. Nd4 Qb1 36.
f5 e5 37. Ne6 Qf1+ 38. Kg3 Qe1+ 39. Bf2 Qxb4 40. Qg4 Qb3+ 41. Kh4 Bxe6 42. fxe6 Qa3 43. Qc4 f5 44. Bc5 Qb2 45. Kh3 1-0

[Event "*** Titled Tuesday Blitz"]
[Site "Chess.com"]
[Date "2018.06.05"]
[Round "4"]
[White "GameOverBro"]
[Black "leclash"]
[Result "1/2-1/2"]
[WhiteElo "2381"]
[BlackElo "2309"]
[TimeControl "180+2"]
[EndTime "13:58:24 PDT"]
[Termination "Game drawn by repetition"]

1. e4 e5 2. Nf3 Nc6 3. Bb5 d6 4. d4 Bd7 5. d5 Nce7 6. Bxd7+ Qxd7 7. c4 h6 8. Nc3 f5 9. exf5 Nf6 10. h3 Nxf5 11.
Qd3 g6 12. g4 Ne7 13. Nh4 Kf7 14. g5 hxg5 15. Bxg5 Bg7 16. O-O-O Nf5 17. Nf3 Nh5 18.
Ne4 Raf8 19. Kb1 Kg8 20. Rdg1 Qf7 21. Bc1 Nd4 22. Nxd4 exd4 23. Ng5 Qf5 24. Qxf5 Rxf5 25. Ne6 Kf7 26. Rg2 Bh6 27. Rhg1 Bxc1 28. Kxc1 Nf4 29. Nxd4 Nxh3 30. Nxf5 Nxg1 31. Nxd6+ cxd6 32. Rxg1 Rh2 33. Rf1 Kf6 34. Kd2 Kf5 35. Ke3 g5 36. Rg1 g4 37.
b4 b6 38. a4 Rh3+ 39. Rg3 Rh1 40. f3 Re1+ 41. Kd2 Rb1 42. fxg4+ Kf4 43. Ra3 Rxb4 44.
Kc3 Rb1 45. a5 b5 46. cxb5 Rxb5 47. Kc4 Rc5+ 48. Kd4 a6 49. Ra1 Kxg4 50. Rg1+ Kf5 51. Rf1+ Kg5 52. Rg1+ Kf4 53. Rf1+ Kg5 54. Rg1+ Kf5 55.
Rf1+ Kg5 56. Rg1+ 1/2-1/2

[Event "*** Titled Tuesday Blitz"]
[Site "Chess.com"]
[Date "2018.06.05"]
[Round "4"]
[White "Zaven_ChessMood"]
[Black "SantoBlue"]
[Result "1-0"]
[WhiteElo "2874"]
[BlackElo "2793"]
[TimeControl "180+2"]
[EndTime "13:58:26 PDT"]
[Termination "Zaven_ChessMood won by resignation"]

1. e4 e5 2. Nf3 Nc6 3. Bc4 Nf6 4. d3 Bc5 5. c3 O-O 6. O-O d5 7. exd5 Nxd5 8. a4 Bg4 9. h3 Bh5 10. Nbd2 a5 11. Ne4 Be7 12. Ng3 Bg6 13. Re1 Nb6 14. Bb5 Bd6 15. Bg5 f6 16. Be3 Nd5 17. Bd2 Bc5 18. Nh4 Bf7 19. Nhf5 Nde7 20. Qg4 Nxf5 21. Nxf5 Bg6 22. Rad1 Kh8 23. Nh4 Bf7 24. Bc1 Qc8 25. Qf3 Qd7 26. d4 exd4 27. cxd4 Bb4 28. d5 Bxe1 29.
dxc6 Qe6 30. cxb7 Rab8 31. Be3 Bb4 32. Ba7 Bd6 33. Bxb8 Rxb8 34. Nf5 Be5 35. Bc6 Bxb2 36. Bd5 Qd7 37. Bxf7 Qxf7 38. Qc6 h5 39. Rd7 Qe8 40.
g3 Rxb7 41. Nxg7 Rb6 42. Qd5 Qe5 43. Qa8+ Kh7 44. Nf5+ Kg6 45. Nh4+ 1-0

[Event "*** Titled Tuesday Blitz"]
[Site "Chess.com"]
[Date "2018.06.05"]
[Round "4"]
[White "GABUZYAN_CHESSMOOD"]
[Black "DiogenesSinopeus"]
[Result "1-0"]
[WhiteElo "2598"]
[BlackElo "2424"]
[TimeControl "180+2"]
[EndTime "13:58:26 PDT"]
[Termination "GABUZYAN_CHESSMOOD won by resignation"]

1. Nf3 Nf6 2. d4 e6 3. c4 Bb4+ 4. Bd2 c5 5. e3 Nc6 6. Bd3 O-O 7. O-O d6 8. Nc3 e5 9. dxe5 dxe5 10. Qc2 Bxc3 11. Bxc3 Qe7 12. Nd2 Be6 13. a3 h6 14.
f3 Rfd8 15. Rad1 Rd7 16. b3 Rad8 17. Be2 b6 18. Rfe1 a5 19. Qb2 Bf5 20. Nf1 Bd3 21. Ng3 Bxe2 22. Qxe2 Qe6 23. a4 h5 24. h4 g6 25. Kf2 Ne7 26. Qc2 Rd6 27. Ke2 Nc6 28.
Rxd6 Rxd6 29. Rd1 Kf8 30. Rxd6 Qxd6 31. Qd3 Ke7 32. Qb1 Ke6 33. Qh1 Nb4 34. Qb1 Ke7 35. Nf1 Nd7 36. e4 Qf6 37. Qe1 Qd6 38. Bxb4 cxb4 39. Ne3 Nc5 40. Nd5+ Kf8 41. Qd1 Ne6 42.
g3 Nd4+ 43. Ke3 Qc5 44. Kd3 Kg7 45. f4 f6 46. fxe5 fxe5 47. Qf1 Qd6 48. Qd1 Qe6 49. Kd2 Qh3 50. Nxb6 Qxg3 51. c5 Nxb3+ 52. Kc2 Nd4+ 53. Kb1 Qc3 54. Nd7 b3 55. Nxe5 Qxc5 56. Nd3 Qa3 57. Nc1 Qb4 58. Nd3 Qc3 59. Nf4 Qc4 60. Qxd4+ Qxd4 61. Ne6+ 1-0

[Event "*** Titled Tuesday Blitz"]
[Site "Chess.com"]
[Date "2018.06.05"]
[Round "4"]
[White "Man-Chuk"]
[Black "Tash_Boy"]
[Result "1-0"]
[WhiteElo "2622"]
[BlackElo "2691"]
[TimeControl "180+2"]
[EndTime "13:58:29 PDT"]
[Termination "Man-Chuk won by checkmate"]

1. d4 Nf6 2. c4 g6 3. Nc3 Bg7 4. e4 d6 5. Nf3 O-O 6. Be2 e5 7. O-O Nc6 8. Be3 Ng4 9. Bg5 f6 10.
Bh4 h5 11. h3 Nh6 12. Bg3 Bd7 13. c5 Nf7 14. cxd6 cxd6 15. Nd5 f5 16. exf5 gxf5 17. Bh4 Qa5 18. dxe5 Nfxe5 19. Nxe5 Nxe5 20. Ne7+ Kh7 21. Bxh5 Bf6 22. b4 Qb5 23. Bxf6 Rxf6 24. Nd5 Rh6 25. Nc7 Qxb4 26. Nxa8 Ba4 27. Qb1 Qxb1 28. Raxb1 Rxh5 29. Rxb7+ Kh6 30. Rxa7 Bc6 31. f3 f4 32. Nc7 Rg5 33. Ne6 Rg8 34. Nd4 Bd5 35. Ra6 Nc4 36. Re1 Kh5 37.
Kh2 Ne3 38. Rxe3 fxe3 39. Rxd6 Rg5 40. a4 Re5 41. Ne2 Bc4 42. Ng3+ Kg5 43. h4+ Kf4 44. Rd4+ Re4 45. Rxe4# 1-0

[Event "*** Titled Tuesday Blitz"]
[Site "Chess.com"]
[Date "2018.06.05"]
[Round "4"]
[White "Caterpiller35"]
[Black "nurmiTV"]
[Result "0-1"]
[WhiteElo "2350"]
[BlackElo "2498"]
[TimeControl "180+2"]
[EndTime "13:58:29 PDT"]
[Termination "nurmiTV won by resignation"]

1. d4 Nf6 2. Bf4 e6 3. e3 b6 4. Nd2 Bb7 5. Ngf3 Be7 6. Bd3 c5 7. Nc4 d6 8. dxc5 bxc5 9. e4 Nc6 10. e5 dxe5 11. Nfxe5 Nxe5 12. Nxe5 O-O 13. O-O Qd5 14.
Nf3 Rfd8 15. Qe2 Rac8 16. Rad1 Qh5 17. Ne5 Qh4 18. Bg3 Qb4 19. Rfe1 Qb6 20. a4 Bd5 21. c4 Ba8 22. a5 Qb7 23. f3 Qa6 24. f4 Re8 25. b4 cxb4 26. c5 Bxc5+ 27. Kh1 Qxa5 28. Bh4 Be7 29. Nxf7 Kxf7 30. Qxe6+ Kf8 31. Bc4 Rxc4 32. Qxc4 Qc5 33. Qb3 Bd5 34. Qb1 a5 35. Bxf6 Bxf6 36. Qxh7 Rxe1+ 37. Rxe1 Qf2 38. Qh8+ Bg8 39.
Rc1 Bc3 40. Qh5 a4 41. Qf5+ Bf7 42. Rd1 Qb6 43. Rd7 Qe6 44. Rd8+ Ke7 45. Qg5+ Bf6 0-1